 Dungeon Crawl Stone Soup version 0.30.1-1-g62c8e00024 (webtiles) character file.

Game seed: 16099427196413380434

1281 Pepete the Thaumaturge (level 8, -1/50 HPs)
             Began as a Djinni Fire Elementalist on July 14, 2023.
             Was an Initiate of Makhleb.
             Slain by a gnoll
             ... wielding a +0 flail
             ... led by a gnoll sergeant
              (9 damage)
             ... on level 6 of the Dungeon.
             The game lasted 00:07:06 (7401 turns).

Pepete the Thaumaturge (Djinni Fire Elementalist)   Turns: 7401, Time: 00:07:08

Health: -1/50      AC:  5    Str:  7    XL:     8   Next: 84%
Gold:   236        EV:  6    Int: 19    God:    Makhleb [......] SH:  0 Dex: 14

rFire   + + .        (no weapon)
rCold   x . .        (no shield)
rNeg    . . .        a - +0 robe
rPois   ∞            s - +1 helmet
rElec   .            c - +0 cloak
rCorr   .            (no gloves)
SInv    .            (boots unavailable)
Will    .....        (no amulet)
Stlth   ++           (no ring)
HPRegen 0.28/turn    (no ring)
MPRegen 0.00/turn

%: infuse magic (-2 HP)
@: mighty, flying, held
A: sickness immunity, fire resistance 2, cold vulnerability 1, float, innate
caster, HP casting, extra vitality 1
a: Renounce Religion


You were on level 6 of the Dungeon.
You worshipped Makhleb.
Makhleb was noncommittal.
You visited 2 branches of the dungeon, and saw 7 of its levels.

You collected 236 gold pieces.

Inventory:

Armour
 a - a +0 robe (worn)
 c - a +0 cloak (worn)
 s - a +1 helmet (worn)
Jewellery
 r - an amulet of the acrobat
Scrolls
 d - 2 scrolls of identify
 g - 2 scrolls of fear
 h - a scroll of enchant weapon {unknown}
 j - a scroll of acquirement {unknown}
 k - a scroll of brand weapon {unknown}
 o - 2 scrolls of vulnerability
 u - a scroll of torment {unknown}
Potions
 b - a potion of magic {unknown}
 e - a potion of cancellation
 f - a potion of might
 i - a potion of curing
 l - 2 potions of heal wounds {unknown}
 m - a potion of degeneration {unknown}
 n - a potion of mutation {unknown}
 p - a potion of flight {unknown}
 q - a potion of attraction {unknown}
 t - a potion of berserk rage {unknown}
 v - a potion of lignification {unknown}


   Skills:
 - Level 2.1 Dodging
 - Level 1.5 Stealth
 * Level 8.2 Spellcasting


You knew the following spells:

 Your Spells              Type           Power      Damage    Failure   Level
a - Foxfire               Conj/Fire      100%       2x1d9     1%          1
b - Scorch                Fire           76%        2d8       1%          2
c - Volatile Blastmotes   Fire/Tloc      76%        2d16      1%          3
d - Inner Flame           Hex/Fire       38%        N/A       1%          3
e - Flame Wave            Conj/Fire      38%        2d10      3%          4
f - Sting                 Tmut/Pois      100%       1d8       1%          1
g - Searing Ray           Conj           76%        2d7       1%          2
h - Spider Form           Tmut/Pois      38%        N/A       1%          3
Your spell library was empty.

Dungeon Overview and Level Annotations

Branches:
Dungeon (6/15)             Temple (1/1) D:6

Altars:
Ashenzari
Cheibriados
Dithmenos
Elyvilon
Fedhas
Hepliaklqana
Makhleb
Nemelex Xobeh
Ru
Trog
Wu Jian
Xom
Yredelemnul
Zin

Annotations:
D:5 1 runed translucent door, Crazy Yiuf


Innate Abilities, Weirdness & Mutations

You are immune to sickness and miasma.
You are immune to poison.
Your flesh is very heat resistant. (rF++)
You are vulnerable to cold. (rC-)
You float through the air rather than walking.
You learn spells naturally, not from books.
Your magical power is your life essence.
You have superior vitality. (+4 MHP)


Message History

You hear a shout!
The gnoll sergeant hits you from afar with a +3 spear of flaming.
Casting: Scorch (safe; 1% risk of failure)
Confirm with . or Enter, or press ? or * to list all spells.
Flames lash the gnoll.
The gnoll is moderately wounded.
The gnoll's fire resistance burns away.
The gnoll sergeant barely misses you.
A gnoll comes into view. It is wielding a +0 whip.
Unknown command.
Casting: Scorch (safe; 1% risk of failure)
Confirm with . or Enter, or press ? or * to list all spells.
Flames lash the gnoll sergeant.
The gnoll sergeant is burned terribly!
You kill the gnoll sergeant!
Makhleb accepts your kill.
* * * LOW HITPOINT WARNING * * *
The gnoll throws a throwing net.
The throwing net hits you.
You become entangled in the net!
Casting: Scorch (safe; 1% risk of failure)
Confirm with . or Enter, or press ? or * to list all spells.
Flames lash the gnoll.
The gnoll is moderately wounded.
The gnoll's fire resistance burns away.
* * * LOW HITPOINT WARNING * * *
A gnoll comes into view. It is wielding a +0 halberd.
It was a potion of cancellation.
You feel magically purged.
The gnoll is no longer more vulnerable to fire.
The gnoll hits you with a +0 whip.
* * * LOW HITPOINT WARNING * * *
A gnoll comes into view. It is wielding a +0 halberd.
It was a potion of might.
You feel very mighty all of a sudden. The gnoll hits you but does no damage.
The gnoll hits you from afar with a +0 halberd.
* * * LOW HITPOINT WARNING * * *
It was a potion of curing.
You feel better.
The gnoll is no longer more vulnerable to fire.
The gnoll hits you with a +0 whip.
* * * LOW HITPOINT WARNING * * *
The gnoll hits you with a +0 flail!
You die...

#....
#... #...
##.. ...
#g####
#.##....#
#.gg@g..#
#.###..##
#..# #..#
#####..#
#......#
######.#
#.[.##.#
###.##.#


You could see 4 gnolls.

Vanquished Creatures
  Pikel (D:5)
  A black bear (D:5)
  2 lemures (D:4)
  A scorpion (D:5)
  A gnoll sergeant (D:6)
  A howler monkey (D:5)
  A jelly (D:6)
  A gnoll bouda (D:3)
  5 hounds
  An orc priest (D:4)
  3 iguanas
  An orc wizard (D:5)
  7 gnolls
  8 adders
  A worm (D:4)
  2 dart slugs
  9 orcs
  6 ball pythons
  A bat (D:2)
  6 endoplasms
  5 giant cockroaches
  3 goblins
  4 hobgoblins
  4 jackals
  2 quokkas
  2 frilled lizards (D:1)
  8 kobolds
  5 rats
92 creatures vanquished.

Vanquished Creatures (collateral kills)
  11 foxfires (D:4)
11 creatures vanquished.

Vanquished Creatures (others)
  469 foxfires
469 creatures vanquished.

Grand Total: 572 creatures vanquished

Notes
Turn   | Place    | Note
-------+----------+-------------------------------------------
     0 | D:1      | Pepete the Djinni Fire Elementalist began the quest for the
                  | Orb.
     0 | D:1      | Pepete set off with the following spells memorised:
                  | Foxfire, Scorch, Volatile Blastmotes, Inner Flame, Flame
                  | Wave.
     0 | D:1      | Reached XP level 1. HP: 15/15 MP: 0/0
    80 | D:1      | Found a faded altar of an unknown god.
   300 | D:1      | Reached XP level 2. HP: 18/21 MP: 0/0
   533 | D:1      | Reached skill level 3 in Spellcasting
  1241 | D:2      | Reached XP level 3. HP: 24/25 MP: 0/0
  1241 | D:2      | Learned a level 1 spell: Sting
  1831 | D:3      | Reached XP level 4. HP: 27/31 MP: 0/0
  1838 | D:3      | Reached skill level 4 in Spellcasting
  1838 | D:3      | Reached XP level 5. HP: 24/35 MP: 0/0
  1838 | D:3      | Learned a level 2 spell: Searing Ray
  3164 | D:4      | Reached XP level 6. HP: 31/40 MP: 0/0
  3516 | D:4      | Reached skill level 5 in Spellcasting
  4263 | D:4      | Reached XP level 7. HP: 42/45 MP: 0/0
  4263 | D:4      | Learned a level 3 spell: Spider Form
  4570 | D:5      | Entered Level 5 of the Dungeon
  5233 | D:5      | Noticed Pikel
  5447 | D:5      | Killed Pikel
  5448 | D:5      | Reached skill level 7 in Spellcasting
  5448 | D:5      | Reached XP level 8. HP: 26/50 MP: 0/0
  6643 | D:5      | Found a snail-covered altar of Cheibriados.
  6831 | D:5      | Found a runed translucent door.
  6832 | D:5      | Noticed Crazy Yiuf
  7027 | D:6      | Reached skill level 8 in Spellcasting
  7109 | D:6      | Found a staircase to the Ecumenical Temple.
  7122 | Temple   | Entered the Ecumenical Temple
  7260 | Temple   | Became a worshipper of Makhleb the Destroyer
  7401 | D:6      | Slain by a gnoll

Illustrated notes

Levels and vault maps discovered:
D:1:      dpeg_arrival_lava_temple_mockup, layout_loops_ring,
          basic_ecumenical_altar, minmay_pentomino_x4
D:2:      layout_rooms
D:3:      layout_basic
D:4:      layout_basic, serial_bayou, serial_bayou_lake_a, serial_bayou_pond_b,
          serial_bayou_ford_a, serial_bayou_pond_b, serial_bayou_pond_e
D:5:      wander_river, layout_basic, lemuel_crystal_altar, uniq_pikel,
          uniq_crazy_yiuf_cottage
D:6:      layout_loops_ring, minmay_temple_entry_junction_2,
          minmay_crystal_room, nicolae_take_the_stairs,
          kennysheep_generic_room_11
Temple:   kb_temple_of_zot

Skill      XL: |  1  2  3  4  5  6  7  8 |
---------------+-------------------------+-----
Spellcasting   | 3 4 5 7 8 |  8.2
Dodging        | |  2.1
Stealth        | |  1.5

Action                     |  1- 3 |  4- 6 |  7- 9 || total
---------------------------+-------+-------+-------++-------
  Melee: Unarmed           |       |       |     7 ||     7
   Cast: Foxfire           |   104 |   141 |    44 ||   289
         Scorch            |     4 |     7 |    39 ||    50
         Spider Form       |       |       |     1 ||     1
    Use: Scroll            |       |     7 |       ||     7
         Potion            |       |       |     3 ||     3
 Armour: Robe              |     1 |     5 |     7 ||    13
  Dodge: Dodged            |     3 |     4 |    24 ||    31
